 Dungeon Crawl Stone Soup version 0.29.1 (webtiles) character file.

Game seed: 2200755888422136193

1093 gelatine the Firebug (level 8, -5/52 HPs)
             Began as a Demonspawn Fire Elementalist on Sept 13, 2022.
             Slain by a black bear (8 damage)
             ... on level 6 of the Dungeon.
             The game lasted 00:12:54 (6271 turns).

gelatine the Firebug (Demonspawn Fire Elementalist) Turns: 6271, Time: 00:12:56

Health: -5/52      AC:  3    Str:  8    XL:     8   Next: 9%
Magic:  1/16       EV: 12    Int: 19    God:
Gold:   394        SH:  0    Dex: 14    Spells: 11/18 levels left

rFire   + . .      SeeInvis .   d - +1 dagger (speed)
rCold   x . .      Faith    .   (no shield)
rNeg    . . .      Spirit   .   a - +0 robe
rPois   .          Reflect  .   o - +0 helmet
rElec   .          Harm     .   (no cloak)
rCorr   .          Rampage  .   (no gloves)
Will    .....                   (no boots)
Stlth   ++........              w - amulet of magic regeneration
HPRegen 0.17/turn               h - ring of fire
MPRegen 0.55/turn               (no ring)

@: very slightly contaminated
A: hooves 1, weakness stinger 1
a: no special abilities


You were on level 6 of the Dungeon.
You visited 1 branch of the dungeon, and saw 6 of its levels.

You collected 394 gold pieces.

Inventory:

Hand Weapons
 c - a +0 short sword
 d - a +1 dagger of speed (weapon)
 E - a +2 sling of flaming
Missiles
 y - 2 throwing nets
Armour
 a - a +0 robe (worn)
 o - a +0 helmet (worn)
 C - an orb of guile
Jewellery
 h - a ring of fire (left hand)
 w - an amulet of magic regeneration (around neck)
Wands
 n - a wand of digging (3)
 t - a wand of paralysis (7)
Scrolls
 e - a scroll of fear {unknown}
 i - 3 scrolls of poison
 j - 3 scrolls of magic mapping
 l - a scroll of noise {unknown}
 p - a scroll of enchant armour {unknown}
 r - a scroll of blinking {unknown}
 z - a scroll of amnesia {unknown}
 A - a scroll of silence {unknown}
 B - a scroll of immolation {unknown}
Potions
 b - a potion of magic
 g - a potion of heal wounds {unknown}
 k - 2 potions of cancellation
 m - 2 potions of mutation
 q - a potion of brilliance {unknown}
 s - 2 potions of lignification
 u - 2 potions of curing
 v - 2 potions of ambrosia {unknown}
 x - a potion of haste {unknown}
 D - 2 potions of flight {unknown}


   Skills:
 + Level 0.2 Fighting
 + Level 2.2 Dodging
 + Level 2.5 Stealth
 + Level 5.5 Spellcasting
 + Level 4.4 Conjurations
 + Level 5.8 Fire Magic


You had 11 spell levels left.
You knew the following spells:

 Your Spells              Type           Power      Damage    Failure   Level
a - Foxfire               Conj/Fire      100%       2x1d9     1%          1
b - Scorch                Fire           80%        2d9       1%          2
c - Flame Wave            Conj/Fire      37%        2d10      14%         4

Your spell library contained the following spells:

 Spells                   Type           Power      Damage    Failure   Level
 Conjure Flame            Conj/Fire      37%        6-21      4%          3
 Inner Flame              Hex/Fire       24%        N/A       11%         3


Dungeon Overview and Level Annotations

Branches:
Dungeon (6/15)
 Temple: D:4-7

Altars:
Dithmenos
Fedhas
Gozag
Vehumet

Shops:
D:3 *


Innate Abilities, Weirdness & Mutations

You have large cloven feet.
You have a small tail.


Message History

Confirm with . or Enter, or press ? or * to list all spells.
You feel a surge of power!
You conjure some foxfire!
The foxfire hits the black bear.
The black bear is moderately wounded.
Casting: Foxfire (safe; 1% risk of failure)
Confirm with . or Enter, or press ? or * to list all spells.
You feel a surge of power!
You miscast Scorch.
You are very lightly contaminated with residual magic.
Nothing appears to happen.
The foxfire hits the black bear!
The black bear is heavily wounded.
The foxfire hits the black bear.
The black bear is severely wounded.
The foxfire hits the black bear.
The black bear is severely wounded.
The black bear goes berserk!
Casting: Scorch (safe; 1% risk of failure)
Confirm with . or Enter, or press ? or * to list all spells.
You feel a surge of power!
Flames lash the black bear.
The black bear is almost dead.
The black bear's fire resistance burns away.
Casting: Scorch (safe; 1% risk of failure)
Confirm with . or Enter, or press ? or * to list all spells.
You feel a surge of power!
Flames lash the white imp.
The white imp is burned terribly!
You kill the white imp!
The black bear barely misses you. The black bear closely misses you.
The black bear claws you but does no damage.
The black bear bites you!
* * * LOW HITPOINT WARNING * * *
The black bear closely misses you. The black bear claws you.
* * * LOW HITPOINT WARNING * * *
Unknown command.
Press < or > to pray at altars.
Casting: Scorch (safe; 1% risk of failure)
Confirm with . or Enter, or press ? or * to list all spells.
You feel a surge of power!
Flames lash the black bear.
The black bear is burned terribly!
The black bear is almost dead.
The black bear bites you!
You die...

#.### ....
######..## #
....#...#.###
.......#.?.
########.......####
#..........#.......
###........#
#>...#h@.#....
#.##........##
#.##...#....#
#.##...........
#.##........###
#.########### #.#
#.# #.. #.# #.#


You could see a black bear (berserk, combustible).

Vanquished Creatures
  Sigmund (D:2)
  A water moccasin (D:5)
  An ice beast (D:6)
  A necrophage (D:5)
  A gnoll sergeant (D:6)
  A scorpion (D:4)
  A wight (D:5)
  A gnoll bouda (D:5)
  A hound (D:5)
  3 iguanas
  An orc wizard (D:3)
  Robin (D:2)
  14 gnolls
  9 adders
  2 white imps (D:6)
  A worm (D:2)
  3 dart slugs
  4 orcs (D:3)
  A ball python (D:2)
  7 bats
  6 endoplasms
  6 giant cockroaches
  13 goblins
  7 hobgoblins
  5 jackals
  9 kobolds
  2 quokkas
  3 frilled lizards
  3 rats
109 creatures vanquished.

Vanquished Creatures (others)
  483 foxfires
483 creatures vanquished.

Grand Total: 592 creatures vanquished

Notes
Turn   | Place    | Note
-------+----------+-------------------------------------------
     0 | D:1      | gelatine the Demonspawn Fire Elementalist began the quest
                  | for the Orb.
     0 | D:1      | Reached XP level 1. HP: 13/13 MP: 3/3
   138 | D:1      | Found a faded altar of an unknown god.
   360 | D:1      | Discovered your monstrous ancestry.
   360 | D:1      | Gained mutation: You have a small tail. [demonic ancestry]
   360 | D:1      | Reached XP level 2. HP: 9/19 MP: 0/5
  1169 | D:1      | Gained mutation: You have large cloven feet. [demonic
                  | ancestry]
  1169 | D:1      | Reached XP level 3. HP: 23/24 MP: 4/6
  1295 | D:2      | Learned a level 2 spell: Scorch
  1807 | D:2      | Noticed Sigmund
  1809 | D:2      | Reached XP level 4. HP: 30/30 MP: 3/7
  2260 | D:2      | Killed Sigmund
  2261 | D:2      | Reached XP level 5. HP: 35/35 MP: 1/10
  2357 | D:2      | Noticed Robin
  2358 | D:2      | Reached XP level 6. HP: 36/41 MP: 4/11
  2367 | D:2      | Killed Robin
  2958 | D:3      | Found a shadowy altar of Dithmenos.
  3506 | D:3      | Found Muretid's General Store.
  3815 | D:3      | Learned a level 4 spell: Flame Wave
  5000 | D:5      | Entered Level 5 of the Dungeon
  5007 | D:5      | Reached XP level 7. HP: 34/46 MP: 10/13
  5142 | D:5      | Reached skill level 5 in Fire Magic
  5151 | D:5      | Found a blossoming altar of Fedhas.
  5199 | D:5      | Reached skill level 5 in Spellcasting
  6185 | D:6      | Found an opulent altar of Gozag.
  6254 | D:6      | Found a radiant altar of Vehumet.
  6262 | D:6      | Reached XP level 8. HP: 26/52 MP: 6/16
  6271 | D:6      | Slain by a black bear

Illustrated notes

Levels and vault maps discovered:
D:1:      giann_horns, layout_rooms, basic_ecumenical_altar
D:2:      layout_loops_cross, uniq_sigmund, uniq_robin
D:3:      layout_basic, grunt_dithmenos_smoke, serial_shops, nicolae_shop_trees
D:4:      layout_loops_corners, chequers_serial_rivers_large_b
D:5:      layout_loops_ring, jmf_multi_god_temple
D:6:      layout_basic, vehumet_altar_wand_db, grunt_gozag_statues

Skill      XL: |  1  2  3  4  5  6  7 |
---------------+----------------------+-----
Fire Magic     | 3 4 5 |  5.8
Dodging        | 2 |  2.2
Conjurations   | 2 3 4 |  4.4
Stealth        | 2 |  2.5
Spellcasting   | 3 4 5 |  5.5
Fighting       | |  0.2

Action                   |  1- 3 |  4- 6 |  7- 9 || total
-------------------------+-------+-------+-------++-------
Melee: Dagger            |    15 |     8 |       ||    23
       Tailslap          |     4 |     3 |       ||     7
       Kick              |       |     5 |       ||     5
 Cast: Foxfire           |    81 |   153 |    57 ||   291
       Scorch            |     1 |     1 |    17 ||    19
  Use: Scroll            |       |       |     5 ||     5
Armor: Robe              |     4 |     5 |     1 ||    10
Dodge: Dodged            |    17 |    12 |    12 ||    41
